 Dungeon Crawl Stone Soup version 0.29-a0-221-gceb61267dd (webtiles) character file.

Game seed: 6963200694233609090

41 cyrus the Skirmisher (level 3, 0/33 HPs)
             Began as a Hill Orc Fighter on Feb 26, 2022.
             Was a Believer of Lugonu.
             Slain by an orc
             ... wielding a +0 hand axe
              (5 damage)
             ... on level 3 of the Dungeon.
             The game lasted 00:04:09 (1848 turns).

cyrus the Skirmisher (Hill Orc Fighter)             Turns: 1848, Time: 00:04:10

Health: 0/33       AC:  9    Str: 18    XL:     3   Next: 52%
Magic:  2/3        EV:  6    Int: 10    God:    Lugonu [**....]
Gold:   139        SH:  4    Dex: 10    Spells: 2/2 levels left

rFire   . . .      SeeInvis .   a - +0 war axe
rCold   . . .      Faith    .   c - +0 buckler
rNeg    . . .      Spirit   .   e - +0 chain mail
rPois   .          Reflect  .   (no helmet)
rElec   .          Harm     .   (no cloak)
rCorr   .          Rampage  .   (no gloves)
Will    .....                   (no boots)
Stlth   ..........              (no amulet)
HPRegen 0.11/turn               (no ring)
MPRegen 0.08/turn               (no ring)

@: no status effects
A: no striking features
a: Renounce Religion, Convert to Beogh, Depart the Abyss, Bend Space


You were on level 3 of the Dungeon.
You worshipped Lugonu.
Lugonu was pleased with you.
You visited 1 branch of the dungeon, and saw 3 of its levels.

You collected 139 gold pieces.

Inventory:

Hand Weapons
 a - a +0 war axe (weapon)
Armour
 b - a +0 scale mail
 c - a +0 buckler (worn)
 e - a +0 chain mail (worn)
Jewellery
 g - a ring of poison resistance
Wands
 n - a wand of polymorph (4)
Scrolls
 i - a scroll of holy word {unknown}
 j - a scroll of immolation {unknown}
 l - a scroll of blinking {unknown}
 m - a scroll of magic mapping {unknown}
 p - a scroll of teleportation {unknown}
Potions
 d - a potion of might
 f - 2 potions of lignification {unknown}
 h - 2 potions of heal wounds {unknown}
 k - a potion of resistance {unknown}
 o - a potion of curing {unknown}
 q - 2 potions of degeneration {unknown}


   Skills:
 + Level 4.1 Fighting
 + Level 3.4 Axes
 + Level 3.8 Armour
 + Level 0.1 Stealth
 + Level 3.5 Shields


You had 2 spell levels left.
You didn't know any spells.
Your spell library contained the following spells:

 Spells                   Type           Power      Damage    Failure   Level
 Ensorcelled Hibernation  Hex/Ice        0%         N/A       100%        2
 Passwall                 Tmut/Erth      0%         N/A       100%        2
 Swiftness                Air            0%         N/A       100%        3


Dungeon Overview and Level Annotations

Branches:
Dungeon (3/15)

Altars:
Lugonu


Message History

There is a stone staircase leading down here.
You climb downwards.
There is a stone staircase leading up here.
The bat completely misses you.
You slash the bat!
You kill the bat!
Lugonu accepts your kill.
You now have 139 gold pieces (gained 2).
An orc comes into view. It is wielding a +0 short sword.
You see here 10 gold pieces.
You fail to use your ability.
Space bends around you!
You blink.
An orc and an orc priest come into view.
The orc shouts!
The orc priest threatens, "By the altar or by the axe, you will meet Beogh!" (press Y on the ability menu to convert to Beogh)
The orc moves out of view.
An orc comes into view. It is wielding a +0 hand axe.
The orc closely misses you.
The orc priest mumbles some strange prayers to Beogh against you.
Beogh smites you!
You closely miss the orc.
The orc shouts!
The orc hits you with a +0 short sword.
You slash the orc!
You kill the orc!
Lugonu accepts your kill.
The orc priest calls down the wrath of Beogh upon you.
Pain shoots through your body!
You see here a +0 short sword.
Space bends around you!
You blink.
The orc hits you but does no damage.
The orc priest hits you but does no damage.
The orc hits you but does no damage.
The orc priest hits you with a +0 hand axe.
* * * LOW HITPOINT WARNING * * *
The orc barely misses you.
The orc priest shouts, "Join the one true god or die!"
The orc priest hits you but does no damage.
The orc hits you with a +0 hand axe.
You die...

....####...........
......##......#..#
..........#...#..#
...##............#
#.##.....$.......###
............)......#
................##.#
..$............oo#.###
#.............##@o...#
.....#......###.......#
....##.##...##..........#
..#.... #.#..#..........#
..# #...............# .#
#. ..............
...#...........
...#.........##


You could see an orc priest and 2 orcs.

Vanquished Creatures
  A worm (D:2)
  2 orcs
  3 ball pythons (D:1)
  5 endoplasms
  A giant cockroach (D:2)
  4 goblins
  5 hobgoblins
  5 kobolds
  A quokka (D:1)
  2 bats
  A rat (D:1)
30 creatures vanquished.

Vanquished Creatures (others)
  6 fungi (D:2)
  A plant (D:2)
  5 toadstools (D:2)
12 creatures vanquished.

Grand Total: 42 creatures vanquished

Notes
Turn   | Place    | Note
-------+----------+-------------------------------------------
     0 | D:1      | cyrus the Hill Orc Fighter began the quest for the Orb.
     0 | D:1      | Reached XP level 1. HP: 19/19 MP: 1/1
   343 | D:1      | Reached XP level 2. HP: 21/27 MP: 2/2
   673 | D:1      | Reached skill level 4 in Fighting
  1086 | D:2      | Reached XP level 3. HP: 33/33 MP: 3/3
  1515 | D:2      | Found a faded altar of an unknown god.
  1522 | D:2      | Prayed at the altar of an unknown god.
  1522 | D:2      | Became a worshipper of Lugonu the Unformed
  1522 | D:2      | Reached * piety under Lugonu
  1522 | D:2      | Reached ** piety under Lugonu
  1848 | D:3      | Slain by an orc

Illustrated notes

Levels and vault maps discovered:
D:1:      minmay_arrival_widening_spiral_wide, layout_loops_cross
D:2:      layout_rooms, shapermc_ecumenical_altar_mp_ritualfount,
          minmay_gold_behind_fungi, minmay_misc_feat_secret_circle
D:3:      layout_rooms, serial_shops, shop_coins,
          minmay_fractal_squares_diagonal_5

Skill      XL: |  1  2 |
---------------+-------+-----
Axes           | 3 |  3.4
Fighting       | 4 |  4.1
Armour         | |  3.8
Stealth        | |  0.1
Shields        | |  3.5

Action                   || total
-------------------------++-------
Melee: War axe           ||    91
Invok: Bend Space        ||     3
Armor: Chain mail        ||    52
Dodge: Dodged            ||    30
Block: Buckler           ||    11

Table legend: (Time is in decaauts)
 A = Elapsed time spent in this place.
 B = Non-inter-level travel time spent in this place.
 C = Inter-level travel time spent in this place.
 D = Time resting spent in this place.
 E = Time spent auto-exploring this place.
 F = Levels seen in this place.
 G = Mean time per level.
                   A        B        C        D        E       F      G
               +--------+--------+--------+--------+--------+-----+--------+
         Total |   1882 |   1847 |     35 |    186 |   1235 |   3 |  627.3 |
       Dungeon |   1882 |   1847 |     35 |    186 |   1235 |   3 |  627.3 |
               +--------+--------+--------+--------+--------+-----+--------+

Top non-repeatable levels by time:
     D:1: 1075 daAuts
     D:2: 732 daAuts
     D:3: 74 daAuts
